 Dungeon Crawl Stone Soup version 0.20.1-1-g8b1a95d (webtiles) character file.

133 Andry07 the Skirmisher (level 5, 0/34 HPs)
             Began as a Gargoyle Fighter on Oct 6, 2017.
             Slain by an ogre
             ... wielding a +0 giant spiked club
              (24 damage)
             ... on level 4 of the Dungeon.
             The game lasted 00:01:55 (2107 turns).

Andry07 the Skirmisher (Gargoyle Fighter)           Turns: 2107, Time: 00:01:56

Health: 0/34       AC: 12    Str: 20    XL:     5   Next: 16%
Magic:  5/5        EV:  7    Int:  9    God:
Gold:   183        SH:  9    Dex:  9    Spells: 4/4 levels left

rFire    . . .     SeeInvis .   a - +0 flail
rCold    . . .     Gourm    .   c - +0 shield
rNeg     + . .     Faith    .   b - +0 scale mail
rPois    ∞         Spirit   .   (no helmet)
rElec    +         Reflect  .   (no cloak)
rCorr    .         Harm     .   g - +0 pair of gloves
MR       .....                  (no boots)
Stlth    ..........             (no amulet)
Regen    0.2/turn               (no ring)
MPRegen  0.1/turn               (no ring)

@: no status effects
A: negative energy resistance 1, electricity resistance, unbreathing,
petrification resistance, rot immunity, AC +4
a: no special abilities


You were on level 4 of the Dungeon.
You were not hungry.

You visited 1 branch of the dungeon, and saw 4 of its levels.

You collected 183 gold pieces.

Inventory:

Hand Weapons
 a - a +0 flail (weapon)
Armour
 b - a +0 scale mail (worn)
 c - a +0 shield (worn)
 g - a +0 pair of gloves (worn)
Jewellery
 q - an uncursed ring of protection from magic {unknown}
 u - a +2 ring of protection {unknown}
Wands
 s - a wand of random effects (15/48)
 t - a wand of polymorph (3/24)
 x - a wand of flame (27/48)
Scrolls
 h - 5 scrolls of teleportation {unknown}
 i - a scroll of fear {unknown}
 j - 2 scrolls of enchant weapon {unknown}
 l - 5 scrolls of remove curse {unknown}
 m - a scroll of recharging {unknown}
 o - 4 scrolls of identify {unknown}
 r - a scroll of magic mapping {unknown}
 v - a scroll of fog {unknown}
Potions
 d - a potion of might
 e - 3 potions of brilliance {unknown}
 k - a potion of flight {unknown}
 w - a potion of curing {unknown}
Comestibles
 f - 3 bread rations
 n - 2 meat rations
 p - 2 royal jellies


   Skills:
 + Level 4.4 Fighting
 + Level 3.4 Maces & Flails
 + Level 4.3 Armour
 - Level 3.2 Shields


You had 4 spell levels left.
You didn't know any spells.

Dungeon Overview and Level Annotations

Branches:
Dungeon (4/15)
 Temple: D:4-7

Altars:


Innate Abilities, Weirdness & Mutations

You are resistant to torment.
Your stone body is resilient. (AC +4)
You are immune to poison.
You resist negative energy. (rN+)
You are resistant to electric shocks. (rElec)
You can survive without breathing.
You are immune to petrification.
You are immune to rotting.


Message History

No target in view!
No target in view!
No target in view!
No target in view!
No target in view!
An ogre comes into view. It is wielding a giant spiked club.
The ogre shouts!
An ogre is nearby!
An ogre is nearby!
You closely miss the ogre. You block the ogre's attack.
Your shield and scale mail prevent you from hitting the ogre.
The ogre hits you with a giant spiked club!
You hit the ogre.
The ogre is moderately wounded.
The ogre barely misses you.
You hit the ogre.
The ogre is moderately wounded.
The ogre hits you with a giant spiked club!!
Ouch! That really hurt!
You die...

.##.# #..) #.#.# #.###
.# ##..###.# .##
......#.# ..#
......#.# ..+
......#.# ..+
........# ..+
<.....### #####O#
......# #...@.#
......# #.#####
##..### #.# #..#
#.######### #..#
#.........#
#>.#########..######.#
#.............#
#...###.######.# ....#
#.# #.#


You could see an ogre.

Vanquished Creatures
  Jessica (D:3)
  Ijyb (D:3)
  Terence (D:2)
  2 oozes
  2 worms (D:2)
  A dart slug (D:2)
  3 leopard geckos
  4 bats
  4 giant cockroaches
  5 goblins (D:1)
  5 hobgoblins
  A frilled lizard (D:2)
  7 kobolds
  5 rats
42 creatures vanquished.

Notes
Turn   | Place    | Note
-------+----------+-------------------------------------------
     0 | D:1      | Andry07 the Gargoyle Fighter began the quest for the Orb.
     0 | D:1      | Reached XP level 1. HP: 14/14 MP: 1/1
   224 | D:1      | Reached XP level 2. HP: 19/19 MP: 2/2
   772 | D:2      | Noticed Terence
   782 | D:2      | Killed Terence
   782 | D:2      | Reached XP level 3. HP: 24/24 MP: 3/3
   897 | D:2      | Reached XP level 4. HP: 27/29 MP: 4/4
  1712 | D:3      | Noticed Ijyb
  1726 | D:3      | Killed Ijyb
  1860 | D:3      | Noticed Jessica
  1864 | D:3      | Killed Jessica
  1864 | D:3      | Reached XP level 5. HP: 30/34 MP: 5/5
  2103 | D:4      | Noticed an ogre
  2107 | D:4      | Slain by an ogre

Skill      XL: |  1  2  3  4 |
---------------+-------------+-----
Fighting       | 4 |  4.4
Armour         | 4 |  4.3
Maces & Flails | 3 |  3.4
Shields        | |  3.2

Action                   |  1- 3 |  4- 6 || total
-------------------------+-------+-------++-------
Melee: Flail             |    92 |    66 ||   158
  Eat: Chunk             |       |     4 ||     4
Armor: Scale mail        |    52 |    21 ||    73
Dodge: Dodged            |    22 |    14 ||    36
Block: Shield            |    51 |    25 ||    76
